 Dungeon Crawl Stone Soup version 0.31-a0-819-gf6de2f5ab6 (webtiles) character file.

Game seed: 9034179181748393496

239 Kurtz the Chopper (level 6, -3/42 HPs)
             Began as an Octopode Fighter on Sept 25, 2023.
             Slain by a gnoll bouda
             ... wielding a +0 club
              (5 damage)
             ... on level 4 of the Dungeon.
             The game lasted 00:01:57 (1843 turns).

Kurtz the Chopper (Octopode Fighter)                Turns: 1843, Time: 00:01:58

Health: -3/42      AC:  1    Str: 15    XL:     6   Next: 7%
Magic:  6/6        EV: 13    Int: 16    God:
Gold:   107        SH:  5    Dex: 14    Spells: 5/5 levels left

rFire   . . .        a - +0 war axe
rCold   . . .        b - +0 buckler
rNeg    . . .        (helmet restricted)
rPois   .            (no amulet)
rElec   .            g - +6 ring of intelligence
rCorr   .            (no ring)
SInv    .            (no ring)
Will    .....        (no ring)
Stlth   ++           (no ring)
HPRegen 0.27/turn    (no ring)
MPRegen 0.10/turn    (no ring)
                     (no ring)

%: no passive effects
@: mighty, weakened
A: almost no armour, amphibious, 8 rings, camouflage 1, gelatinous body 1,
(nimble swimmer 1), tentacles
a: no special abilities


You were on level 4 of the Dungeon.
You visited 1 branch of the dungeon, and saw 4 of its levels.

You collected 107 gold pieces.

Inventory:

Hand Weapons
 a - a +0 war axe (weapon)
Armour
 b - a +0 buckler (worn)
Jewellery
 g - a +6 ring of intelligence (left tentacle)
Wands
 k - a wand of flame (12) (quivered)
Scrolls
 d - a scroll of fear {unknown}
 e - 2 scrolls of identify {unknown}
 f - 2 scrolls of brand weapon {unknown}
 h - a scroll of revelation {unknown}
 i - a scroll of enchant armour {unknown}
 j - a scroll of poison {unknown}


   Skills:
 * Level 3.0 Fighting
 * Level 6.1 Axes
 - Level 3.0 Dodging
 * Level 3.0 Shields


You had 5 spell levels left.
You didn't know any spells.
Your spell library was empty.

Dungeon Overview and Level Annotations

Branches:
Dungeon (4/15)
 Temple: D:4-7

Altars:

Annotations:
D:3 Sigmund
D:4 1 runed translucent door, knightboat's ghost, amateur OpVM


Innate Abilities, Weirdness & Mutations

You cannot wear most types of armour.
You are amphibious.
You can wear up to eight rings at the same time.
Your skin changes colour to match your surroundings (Stealth+).
Your rubbery body absorbs attacks. (AC +1, EV +1)
((You are camouflaged when in or above water. (Stealth+)))
You have tentacles for arms and can constrict up to eight enemies at once.


Message History

You block the gnoll's attack.
The gnoll bouda gazes fiercely through you!
You feel your attacks grow feeble.
You slash the gnoll!
You kill the gnoll!
You hit the gnoll. The gnoll completely misses you.
Your Axes skill increases to level 6!
Unknown command.
You slash the gnoll! You grab the gnoll. You squeeze the gnoll.
You kill the gnoll!
You block the adder's attack.
You have reached level 6!
You closely miss the adder. You grab the adder. You squeeze the adder!
You kill the adder!
You block the gnoll's attack.
The gnoll bouda gazes fiercely through you!
You feel as though you will be weak longer.
The gnoll hits you from afar with a +0 spear!
* * * LOW HITPOINT WARNING * * *
You closely miss the gnoll bouda. You grab the gnoll bouda.
You squeeze the gnoll bouda.
The gnoll bouda is lightly wounded.
You constrict the gnoll bouda. The gnoll bouda misses you.
The gnoll hits you from afar with a +0 spear.
* * * LOW HITPOINT WARNING * * *
The gnoll bouda struggles to escape constriction.
You hit the gnoll bouda. You squeeze the gnoll bouda.
The gnoll bouda is almost dead.
You constrict the gnoll bouda, but do no damage.
The gnoll hits you from afar with a +0 spear.
* * * LOW HITPOINT WARNING * * *
The gnoll bouda prays to its god.
The gnoll bouda is healed somewhat.
You release your grip on the gnoll bouda.
The gnoll bouda attacks as it pursues you!
You block the gnoll bouda's attack.
You barely miss the gnoll bouda. Your grab misses the gnoll bouda.
The gnoll bouda is severely wounded.
The gnoll bouda hits you with a +0 club.
You die...

#............
#..........W.
............
.......... ####
......< ~#.### ....#
...# ##g.# #########
#.###.g.# ##[.......
## ##......####g@#
.###..###..##$g.#...#
.#...........W###.###
.#..####..........#
...#.......########
#....####.## #...##
#.# #...# ..#
#...####.#


You could see a phantom, a gnoll bouda and a gnoll (swift).

Vanquished Creatures
  A black bear (D:4)
  A sleepcap (D:4)
  2 gnolls (D:4)
  4 adders
  2 worms
  A dart slug (D:2)
  8 ball pythons
  6 endoplasms
  3 giant cockroaches
  7 goblins
  2 hobgoblins
  7 jackals
  2 quokkas
  5 bats
  4 kobolds
  4 rats
59 creatures vanquished.

Notes
Turn   | Place    | Note
-------+----------+-------------------------------------------
     0 | D:1      | Kurtz the Octopode Fighter began the quest for the Orb.
     0 | D:1      | Reached XP level 1. HP: 16/16 MP: 1/1
   170 | D:1      | Reached XP level 2. HP: 21/21 MP: 2/2
   247 | D:1      | Reached skill level 3 in Axes
   677 | D:2      | Reached XP level 3. HP: 26/26 MP: 3/3
  1049 | D:2      | Reached skill level 4 in Axes
  1130 | D:2      | Reached XP level 4. HP: 28/31 MP: 4/4
  1384 | D:3      | Noticed Sigmund
  1632 | D:4      | Reached skill level 5 in Axes
  1632 | D:4      | Reached XP level 5. HP: 32/36 MP: 5/5
  1646 | D:4      | Noticed a black bear
  1656 | D:4      | Killed a black bear
  1770 | D:4      | Found a runed translucent door.
  1790 | D:4      | Noticed knightboat's ghost (amateur OpVM)
  1828 | D:4      | Noticed a phantom
  1838 | D:4      | Reached skill level 6 in Axes
  1839 | D:4      | Reached XP level 6. HP: 17/42 MP: 6/6
  1841 | D:4      | HP: 1/42 [gnoll/+0 spear[a gnoll bouda] (5)]
  1843 | D:4      | Slain by a gnoll bouda

Illustrated notes

Levels and vault maps discovered:
D:1:      ebering_hopf_link, layout_basic, minmay_misc_feat_pillars,
          minmay_octomino_e4
D:2:      layout_basic
D:3:      layout_basic, nicolae_overflow_squiral, nicolae_goblin_pals,
          uniq_sigmund
D:4:      layout_rooms, ebering_ghost_sewer_f

Skill      XL: |  1  2  3  4  5 |
---------------+----------------+-----
Axes           | 3 4 5 6 |  6.1
Fighting       | |  3.0
Dodging        | |  3.0
Shields        | |  3.0

Action                     |  1- 3 |  4- 6 || total
---------------------------+-------+-------++-------
  Melee: War axe           |    53 |    48 ||   101
         Tentacles         |     8 |    11 ||    19
         Constrict         |     9 |    16 ||    25
         Punch             |     1 |     2 ||     3
  Evoke: Wand              |       |     5 ||     5
    Use: Potion            |       |     1 ||     1
   Stab: Sleeping          |    11 |     2 ||    13
         Distracted        |     1 |       ||     1
 Armour: Skin              |    29 |    30 ||    59
  Dodge: Dodged            |    28 |    39 ||    67
  Block: Buckler           |    13 |    15 ||    28

Table legend: (Time is in decaauts)
 A = Elapsed time spent in this place.
 B = Non-inter-level travel time spent in this place.
 C = Inter-level travel time spent in this place.
 D = Time resting spent in this place.
 E = Time spent auto-exploring this place.
 F = Levels seen in this place.
 G = Mean time per level.
                   A        B        C        D        E       F      G
               +--------+--------+--------+--------+--------+-----+--------+
         Total |   1876 |   1863 |     13 |    181 |   1276 |   4 |  469.0 |
       Dungeon |   1876 |   1863 |     13 |    181 |   1276 |   4 |  469.0 |
               +--------+--------+--------+--------+--------+-----+--------+

Top non-repeatable levels by time:
     D:1: 674 daAuts
     D:2: 623 daAuts
     D:4: 358 daAuts
     D:3: 221 daAuts
